[ AOE2 MATCH · #505725754 ]
UnrankedBritons vs Maya
Player's team · WIN
Rival team · LOSS
[ REPLAY ANALYSIS · EXTRACTED FROM THE RECORDED GAME ]
Feudal
15:45
Castle
20:56
Imperial
34:31
| APM avg | 43.6 |
| APM peak | 110 |
| eAPM avg | 22.1 |
| Villagers / military | 168 / 110 |
Focus
⚔️ 31.9% · 🌾 68.1%
Archer ×70 · Scout Cavalry ×18 · Militia ×11 · Trebuchet (Packed) ×7 · Mangonel ×4
Feudal
13:41
Castle
25:43
Imperial
30:51
| APM avg | 57.1 |
| APM peak | 119 |
| eAPM avg | 31.5 |
| Villagers / military | 129 / 215 |
Focus
⚔️ 31.2% · 🌾 68.8%
Skirmisher ×73 · Archer ×64 · Eagle Scout ×43 · Plumed Archer ×14 · Fishing Ship ×13 · Petard ×6
Match map
Initial resources + every placement click. Lines = walls · curves = elevation contours. ◆ gold · ⬟ stone · ● berries · ✦ relic · ◌ wall gap
Your base· ✓ Closed at 20:56 · 70t walls · no gate
El coun's base· ✓ Closed at 25:43 · 11t walls · no gate
Smoothed initial terrain · ◌ = detected wall gap · hover for details
Inputs per minute
— Arthemis - - El coun
Build order — Arthemis
First 150 of 540 actions detected
| 0:01 | Queue | Villager (Male) |
| 0:01 | Queue | Villager (Male) |
| 0:02 | Build | House |
| 0:04 | Build | House |
| 0:19 | Research | Loom |
| 0:30 | Queue | Villager (Male) |
| 0:31 | Queue | Villager (Male) |
| 0:31 | Queue | Villager (Male) |
| 0:57 | Build | Palisade Wall |
| 2:28 | Queue | Villager (Male) |
| 3:29 | Queue | Villager (Male) |
| 3:41 | Build | Palisade Wall |
| 4:18 | Queue | Villager (Male) |
| 4:56 | Queue | Villager (Male) |
| 5:07 | Build | Palisade Wall |
| 5:09 | Build | Palisade Wall |
| 5:12 | Build | Palisade Wall |
| 5:15 | Build | Palisade Wall |
| 5:17 | Build | Palisade Wall |
| 5:19 | Build | Palisade Wall |
| 5:20 | Build | Palisade Wall |
| 5:21 | Build | Palisade Wall |
| 5:22 | Build | Palisade Wall |
| 5:25 | Queue | Villager (Male) |
| 5:51 | Queue | Villager (Male) |
| 6:29 | Build | Palisade Wall |
| 6:33 | Queue | Villager (Male) |
| 7:01 | Queue | Villager (Male) |
| 7:13 | Build | Palisade Wall |
| 7:14 | Build | Palisade Wall |
| 7:18 | Build | Palisade Wall |
| 7:22 | Build | Palisade Wall |
| 7:24 | Build | Palisade Wall |
| 7:26 | Build | Palisade Wall |
| 7:33 | Queue | Villager (Male) |
| 7:33 | Queue | Villager (Male) |
| 7:41 | Build | Lumber Camp |
| 8:03 | Build | Palisade Wall |
| 8:04 | Build | Palisade Wall |
| 8:05 | Build | Palisade Wall |
| 8:26 | Queue | Villager (Male) |
| 8:26 | Queue | Villager (Male) |
| 9:08 | Build | House |
| 9:14 | Build | House |
| 9:16 | Queue | Villager (Male) |
| 9:36 | Queue | Villager (Male) |
| 10:05 | Queue | Villager (Male) |
| 10:05 | Queue | Villager (Male) |
| 10:05 | Queue | Villager (Male) |
| 10:28 | Queue | Villager (Male) |
| 10:52 | Queue | Villager (Male) |
| 11:22 | Build | Mill |
| 11:36 | Build | House |
| 12:20 | Queue | Villager (Male) |
| 12:36 | Queue | Villager (Male) |
| 12:37 | Queue | Villager (Male) |
| 12:40 | Research | Feudal Age |
| 13:26 | Build | Mining Camp |
| 13:53 | Queue | Villager (Male) |
| 13:53 | Queue | Villager (Male) |
| 14:05 | Build | Palisade Wall |
| 14:12 | Build | Palisade Wall |
| 14:15 | Build | Palisade Wall |
| 14:16 | Build | Palisade Wall |
| 14:54 | Build | Palisade Wall |
| 14:54 | Build | Palisade Wall |
| 14:56 | Build | Palisade Wall |
| 15:19 | Build | Palisade Wall |
| 15:21 | Build | Palisade Wall |
| 15:34 | Build | House |
| 15:36 | Build | Palisade Wall |
| 15:37 | Build | Palisade Wall |
| 15:45 | Age | Feudal Age |
| 15:53 | Build | Market |
| 16:11 | Build | Watch Tower |
| 16:14 | Build | Palisade Wall |
| 16:15 | Build | Palisade Wall |
| 16:36 | Queue | Villager (Male) |
| 16:58 | Queue | Villager (Male) |
| 17:10 | Build | Palisade Wall |
| 17:22 | Build | House |
| 17:31 | Build | Blacksmith |
| 17:35 | Queue | Villager (Male) |
| 17:55 | Research | Double-Bit Axe |
| 18:16 | Research | Castle Age |
| 18:23 | Build | Lumber Camp |
| 18:32 | Build | Farm |
| 18:51 | Build | Stone Wall |
| 19:11 | Queue | Villager (Male) |
| 19:40 | Build | Farm |
| 19:41 | Build | Farm |
| 20:37 | Build | Stone Wall |
| 20:56 | Age | Castle Age |
| 20:58 | Build | Siege Workshop |
| 21:26 | Queue | Mangonel |
| 21:31 | Build | House |
| 21:32 | Build | House |
| 21:35 | Queue | Villager (Male) |
| 21:45 | Build | Farm |
| 22:01 | Build | Farm |
| 22:14 | Build | House |
| 22:26 | Queue | Villager (Male) |
| 22:27 | Queue | Villager (Male) |
| 22:31 | Build | Farm |
| 22:36 | Queue | Mangonel |
| 23:04 | Build | Town Center |
| 23:12 | Queue | Villager (Male) |
| 23:36 | Research | Horse Collar |
| 23:37 | Queue | Villager (Male) |
| 23:42 | Build | Farm |
| 23:47 | Build | Farm |
| 23:49 | Build | Farm |
| 24:09 | Queue | Villager (Male) |
| 24:09 | Queue | Villager (Male) |
| 24:13 | Research | Bow Saw |
| 24:27 | Queue | Villager (Male) |
| 24:27 | Queue | Villager (Male) |
| 24:33 | Build | Farm |
| 24:43 | Build | Farm |
| 24:51 | Queue | Villager (Male) |
| 25:03 | Queue | Villager (Male) |
| 25:03 | Queue | Villager (Male) |
| 25:20 | Build | Town Center |
| 25:23 | Queue | Villager (Male) |
| 25:37 | Build | Farm |
| 25:38 | Build | Farm |
| 25:39 | Build | Farm |
| 25:42 | Build | Farm |
| 25:46 | Queue | Villager (Male) |
| 25:47 | Queue | Villager (Male) |
| 26:05 | Queue | Villager (Male) |
| 26:11 | Build | Farm |
| 26:12 | Build | Farm |
| 26:13 | Build | Farm |
| 26:18 | Build | Farm |
| 26:26 | Build | House |
| 26:28 | Build | House |
| 26:30 | Build | House |
| 26:31 | Build | House |
| 26:33 | Queue | Villager (Male) |
| 26:33 | Queue | Villager (Male) |
| 26:44 | Queue | Villager (Male) |
| 26:45 | Queue | Villager (Male) |
| 26:54 | Build | Farm |
| 26:56 | Build | Farm |
| 27:03 | Build | Farm |
| 27:05 | Build | Farm |
| 27:09 | Build | Farm |
| 27:12 | Build | Farm |
| 27:15 | Queue | Villager (Male) |
Build order — El coun
First 150 of 381 actions detected
| 0:00 | Research | Loom |
| 0:00 | Queue | Villager (Male) |
| 0:01 | Queue | Villager (Male) |
| 0:01 | Build | House |
| 0:04 | Build | House |
| 0:12 | Queue | Villager (Male) |
| 0:13 | Queue | Villager (Male) |
| 2:01 | Build | House |
| 2:36 | Queue | Villager (Male) |
| 2:51 | Build | Palisade Wall |
| 3:00 | Build | Palisade Wall |
| 3:21 | Queue | Villager (Male) |
| 3:43 | Build | Palisade Wall |
| 3:45 | Build | Palisade Wall |
| 4:47 | Build | Palisade Wall |
| 4:49 | Build | Palisade Wall |
| 4:51 | Build | Palisade Wall |
| 4:54 | Queue | Villager (Male) |
| 5:09 | Build | Palisade Wall |
| 5:17 | Queue | Villager (Male) |
| 5:17 | Queue | Villager (Male) |
| 5:57 | Queue | Villager (Male) |
| 5:57 | Queue | Villager (Male) |
| 6:09 | Build | Palisade Wall |
| 6:36 | Queue | Villager (Male) |
| 6:58 | Queue | Villager (Male) |
| 7:13 | Build | House |
| 7:15 | Build | Mill |
| 7:46 | Queue | Villager (Male) |
| 7:46 | Queue | Villager (Male) |
| 7:47 | Queue | Villager (Male) |
| 8:04 | Queue | Villager (Male) |
| 8:48 | Queue | Villager (Male) |
| 9:06 | Queue | Villager (Male) |
| 9:07 | Queue | Villager (Male) |
| 9:20 | Queue | Villager (Male) |
| 9:31 | Queue | Villager (Male) |
| 9:31 | Queue | Villager (Male) |
| 9:33 | Queue | Villager (Male) |
| 9:34 | Queue | Villager (Male) |
| 9:36 | Build | House |
| 10:31 | Build | Lumber Camp |
| 10:49 | Queue | Villager (Male) |
| 11:31 | Research | Feudal Age |
| 12:01 | Queue | Villager (Male) |
| 12:18 | Build | Barracks |
| 12:42 | Build | House |
| 12:52 | Queue | Militia |
| 12:52 | Queue | Militia |
| 12:52 | Queue | Militia |
| 13:41 | Age | Feudal Age |
| 13:44 | Build | Watch Tower |
| 13:48 | Queue | Villager (Male) |
| 14:07 | Research | Man-at-Arms (upgrade) |
| 14:29 | Queue | Villager (Male) |
| 14:35 | Build | Mill |
| 14:37 | Queue | Villager (Male) |
| 14:44 | Build | Mining Camp |
| 15:30 | Queue | Villager (Male) |
| 15:31 | Queue | Villager (Male) |
| 15:31 | Queue | Villager (Male) |
| 15:33 | Build | Farm |
| 15:33 | Build | Farm |
| 15:33 | Build | Farm |
| 15:33 | Build | Farm |
| 15:33 | Build | Farm |
| 16:13 | Build | Archery Range |
| 16:25 | Queue | Villager (Male) |
| 16:27 | Build | House |
| 16:47 | Queue | Villager (Male) |
| 16:47 | Queue | Villager (Male) |
| 16:47 | Queue | Villager (Male) |
| 17:03 | Queue | Villager (Male) |
| 17:04 | Queue | Villager (Male) |
| 17:04 | Queue | Villager (Male) |
| 17:10 | Build | Farm |
| 17:13 | Build | House |
| 17:23 | Research | Arson |
| 17:26 | Queue | Militia |
| 17:31 | Build | Dock |
| 17:37 | Research | Double-Bit Axe |
| 17:37 | Research | Double-Bit Axe |
| 17:57 | Build | Watch Tower |
| 18:03 | Queue | Villager (Male) |
| 18:04 | Queue | Villager (Male) |
| 18:04 | Queue | Villager (Male) |
| 18:14 | Queue | Villager (Male) |
| 18:20 | Queue | Fishing Ship ×2 |
| 18:42 | Queue | Villager (Male) |
| 18:43 | Queue | Villager (Male) |
| 18:43 | Queue | Villager (Male) |
| 19:37 | Queue | Villager (Male) |
| 19:37 | Queue | Villager (Male) |
| 19:37 | Queue | Villager (Male) |
| 19:38 | Queue | Villager (Male) |
| 19:38 | Queue | Villager (Male) |
| 19:40 | Queue | Demolition Raft |
| 19:42 | Queue | Fishing Ship |
| 19:44 | Build | House |
| 19:54 | Build | House |
| 20:48 | Queue | Villager (Male) |
| 20:51 | Queue | Fishing Ship |
| 20:52 | Queue | Fishing Ship |
| 20:52 | Queue | Fishing Ship |
| 20:59 | Build | Dock |
| 21:03 | Build | Market |
| 21:58 | Queue | Villager (Male) |
| 22:01 | Queue | Fishing Ship ×5 |
| 22:29 | Queue | Villager (Male) |
| 22:30 | Build | Blacksmith |
| 22:54 | Queue | Villager (Male) |
| 22:59 | Queue | Villager (Male) |
| 23:02 | Research | Castle Age |
| 23:30 | Build | Mining Camp |
| 23:33 | Build | Fish Trap |
| 23:36 | Build | House |
| 23:37 | Build | House |
| 24:09 | Build | Mining Camp |
| 24:21 | Build | Fish Trap |
| 24:35 | Build | Fish Trap |
| 24:38 | Build | Fish Trap |
| 24:43 | Build | Fish Trap |
| 24:49 | Build | Fish Trap |
| 25:01 | Build | Fish Trap |
| 25:05 | Queue | Villager (Male) |
| 25:17 | Build | Fish Trap |
| 25:30 | Build | Fish Trap |
| 25:32 | Build | House |
| 25:43 | Age | Castle Age |
| 25:52 | Queue | Villager (Male) |
| 25:52 | Queue | Villager (Male) |
| 26:09 | Build | Siege Workshop |
| 26:46 | Build | Monastery |
| 26:48 | Queue | Villager (Male) |
| 27:10 | Queue | Fishing Ship |
| 27:10 | Queue | Fishing Ship |
| 27:41 | Research | Imperial Age |
| 27:54 | Queue | Monk |
| 27:58 | Build | House |
| 27:59 | Build | House |
| 28:11 | Build | Fish Trap |
| 28:13 | Build | Fish Trap |
| 28:24 | Queue | Mangonel |
| 28:25 | Queue | Mangonel |
| 28:38 | Build | Farm |
| 28:38 | Build | Farm |
| 28:57 | Research | Eagle Warrior (upgrade) |
| 29:12 | Research | Scale Mail Armor |
| 29:15 | Build | Barracks |
| 29:43 | Research | Squires |
Match timeline
| 0:57 | Arthemis · wall_segment Palisade Wall x4 |
| 2:51 | El coun · wall_segment Palisade Wall x3 |
| 3:00 | El coun · wall_segment Palisade Wall x1 |
| 3:41 | Arthemis · wall_segment Palisade Wall x6 |
| 3:43 | El coun · wall_segment Palisade Wall x1 |
| 3:45 | El coun · wall_segment Palisade Wall x1 |
| 4:47 | El coun · wall_segment Palisade Wall x1 |
| 4:49 | El coun · wall_segment Palisade Wall x1 |
| 4:51 | El coun · wall_segment Palisade Wall x1 |
| 5:07 | Arthemis · wall_segment Palisade Wall x1 |
| 5:09 | El coun · wall_segment Palisade Wall x1 |
| 5:09 | Arthemis · wall_segment Palisade Wall x1 |
| 5:12 | Arthemis · wall_segment Palisade Wall x1 |
| 5:15 | Arthemis · wall_segment Palisade Wall x1 |
| 5:17 | Arthemis · wall_segment Palisade Wall x1 |
| 5:19 | Arthemis · wall_segment Palisade Wall x1 |
| 5:20 | Arthemis · wall_segment Palisade Wall x1 |
| 5:21 | Arthemis · wall_segment Palisade Wall x1 |
| 5:22 | Arthemis · wall_segment Palisade Wall x1 |
| 6:09 | El coun · wall_segment Palisade Wall x1 |
| 6:29 | Arthemis · wall_segment Palisade Wall x1 |
| 7:13 | Arthemis · wall_segment Palisade Wall x1 |
| 7:14 | Arthemis · wall_segment Palisade Wall x1 |
| 7:18 | Arthemis · wall_segment Palisade Wall x1 |
| 7:22 | Arthemis · wall_segment Palisade Wall x1 |
| 7:24 | Arthemis · wall_segment Palisade Wall x1 |
| 7:26 | Arthemis · wall_segment Palisade Wall x1 |
| 8:03 | Arthemis · wall_segment Palisade Wall x1 |
| 8:04 | Arthemis · wall_segment Palisade Wall x1 |
| 8:05 | Arthemis · wall_segment Palisade Wall x1 |
| 12:18 | El coun · first_building Barracks |
| 13:41 | El coun · age_up feudal |
| 14:05 | Arthemis · wall_segment Palisade Wall x4 |
| 14:12 | Arthemis · wall_segment Palisade Wall x3 |
| 14:15 | Arthemis · wall_segment Palisade Wall x1 |
| 14:16 | Arthemis · wall_segment Palisade Wall x1 |
| 14:54 | Arthemis · wall_segment Palisade Wall x1 |
| 14:54 | Arthemis · wall_segment Palisade Wall x1 |
| 14:56 | Arthemis · wall_segment Palisade Wall x1 |
| 15:19 | Arthemis · wall_segment Palisade Wall x7 |
| 15:21 | Arthemis · wall_segment Palisade Wall x6 |
| 15:36 | Arthemis · wall_segment Palisade Wall x1 |
| 15:37 | Arthemis · wall_segment Palisade Wall x1 |
| 15:45 | Arthemis · age_up feudal |
| 16:13 | El coun · first_building Archery Range |
| 16:14 | Arthemis · wall_segment Palisade Wall x1 |
| 16:15 | Arthemis · wall_segment Palisade Wall x1 |
| 17:10 | Arthemis · wall_segment Palisade Wall x4 |
| 17:31 | El coun · first_building Dock |
| 18:51 | Arthemis · wall_segment Stone Wall x8 |
| 20:37 | Arthemis · wall_segment Stone Wall x4 |
| 20:56 | Arthemis · age_up castle |
| 20:58 | Arthemis · first_building Siege Workshop |
| 21:28 | Arthemis · first_market_buy 100 wood |
| 22:13 | El coun · first_market_sell 100 wood |
| 25:43 | El coun · age_up castle |
| 26:09 | El coun · first_building Siege Workshop |
| 26:46 | El coun · first_building Monastery |
| 27:21 | El coun · first_market_buy 100 food |
| 30:51 | El coun · age_up imperial |
| 31:16 | El coun · first_building Castle |
| 31:20 | Arthemis · first_market_sell 100 wood |
| 31:39 | Arthemis · first_building Barracks |
| 33:15 | Arthemis · wall_segment Stone Wall x3 |
| 33:22 | Arthemis · wall_segment Stone Wall x5 |
| 34:08 | Arthemis · first_building Castle |
| 34:31 | Arthemis · age_up imperial |
| 34:37 | Arthemis · wall_segment Stone Wall x4 |
| 35:32 | Arthemis · wall_segment Stone Wall x1 |
| 35:34 | Arthemis · wall_segment Stone Wall x1 |
| 35:42 | Arthemis · wall_segment Stone Wall x4 |
| 36:01 | Arthemis · wall_segment Stone Wall x1 |
| 36:07 | Arthemis · wall_segment Stone Wall x3 |
| 37:08 | Arthemis · wall_segment Stone Wall x4 |
| 37:19 | Arthemis · wall_segment Stone Wall x1 |
| 37:21 | Arthemis · wall_segment Stone Wall x1 |
| 37:43 | Arthemis · wall_segment Stone Wall x1 |
| 37:52 | Arthemis · wall_segment Stone Wall x3 |
| 38:21 | Arthemis · first_building Archery Range |
| 47:13 | Arthemis · wall_segment Stone Wall x3 |
| 50:23 | Arthemis · first_building Stable |
| 54:48 | El coun · resign |
[ AI ANALYSIS · 1 CREDIT ]
What really happened in this match?
Wolo.gg analyzes every decision: build order, eco, micro, common mistakes by bracket. Personalized analysis on WhatsApp or Discord in 30 seconds.
Civ guide
Britons
Perfil
Jugador #6103202